 Dungeon Crawl Stone Soup version 0.30-a0-159-g068b764562 (webtiles) character file.

Game seed: 24899824882028394

304 Sobieck the Cutter (level 6, -1/35 HPs)
             Began as a Kobold Gladiator on Sept 27, 2022.
             Slain by a gnoll
             ... wielding a +0 whip
              (2 damage)
             ... on level 3 of the Dungeon.
             The game lasted 00:07:17 (3096 turns).

Sobieck the Cutter (Kobold Gladiator)               Turns: 3096, Time: 00:07:18

Health: -1/35      AC:  7    Str: 11    XL:     6   Next: 66%
Magic:  6/6        EV: 16    Int:  9    God:
Gold:   26         SH:  0    Dex: 19    Spells: 5/5 levels left

rFire   . . .      SeeInvis .    a - +0 rapier {short}
rCold   . . .      Faith    .    (no shield)
rNeg    . . .      Spirit   .    b - +0 leather armour
rPois   .          Reflect  .    c - +0 helmet
rElec   .          Harm     .    L - scarf {shadows}
rCorr   .          Rampage  .    (no gloves)
Will    .....                    K - +2 pair of boots
Stlth   ++++......               (no amulet)
HPRegen 0.11/turn                (no ring)
MPRegen 0.10/turn                (no ring)

@: no status effects
A: small, no large weapons, nightstalker 3
a: no special abilities


You were on level 3 of the Dungeon.
You visited 1 branch of the dungeon, and saw 4 of its levels.

You collected 91 gold pieces.
You spent 65 gold pieces at shops.


Innate Abilities, Weirdness & Mutations

You are small and have problems with some larger weapons.
You are completely attuned to the shadows.


   Skills:
 - Level 2.1 Fighting
 + Level 6.8 Short Blades
 - Level 2.1 Throwing
 - Level 5.0 Dodging
 - Level 5.0 Stealth


You had 5 spell levels left.
You didn't know any spells.
Your spell library contained the following spells:

 Spells                   Type           Power      Damage    Failure   Level
 Magic Dart               Conj           0%         1d3       47%         1

Inventory:

Hand Weapons
 a - a +0 rapier (weapon) {short}
 j - a +0 dagger {short}
   (You took it off a kobold on level 1 of the Dungeon)
Missiles
 d - 3 throwing nets (quivered) {=f!fthrowing}
 e - 2 boomerangs {throwing}
 l - 36 stones {throwing}
 p - 4 silver boomerangs {throwing}
Armour
 b - a +0 leather armour (worn)
 c - a +0 helmet (worn)
 f - a +0 ring mail
   (You found it on level 1 of the Dungeon)
 g - a +0 robe
   (You found it on level 1 of the Dungeon)
 i - a +0 scale mail
   (You found it on level 1 of the Dungeon)
 s - a +0 chain mail
   (You found it on level 1 of the Dungeon)
 w - a +0 robe
   (You took it off an orc wizard on level 3 of the Dungeon)
 x - a +0 ring mail
   (You found it on level 2 of the Dungeon)
 y - a +0 ring mail
   (You found it on level 2 of the Dungeon)
 z - a +0 robe
   (You found it on level 2 of the Dungeon)
 C - a +0 leather armour
   (You took it off an orc on level 3 of the Dungeon)
 H - a +0 leather armour
   (You took it off an orc on level 3 of the Dungeon)
 I - a +0 scale mail
   (You took it off an orc on level 3 of the Dungeon)
 J - a +0 ring mail
   (You found it on level 3 of the Dungeon)
 K - a +2 pair of boots (worn)
   (You found it on level 3 of the Dungeon)
 L - a scarf of shadows (worn)
   (You found it on level 3 of the Dungeon)
Magical Staves
 h - a staff of conjuration {!a@e2staff}
   (You found it on level 1 of the Dungeon)
Wands
 M - a wand of roots (8)
   (You found it on level 3 of the Dungeon)
Scrolls
 A - a scroll of immolation {!r!r}
 B - a scroll of blinking {!r}
 O - 3 scrolls of noise {!r}
Potions
 k - a potion of berserk rage {unknown}
 m - a potion of flight {unknown}
 n - a potion of cancellation {unknown}
 o - a potion of degeneration {unknown}
 q - a potion of lignification {unknown}
 r - a potion of brilliance {unknown}
 u - a potion of might {unknown}
 v - a potion of haste {unknown}
 D - 3 potions of attraction {unknown}
 F - a potion of magic {unknown}
 G - a potion of resistance

Dungeon Overview and Level Annotations

Branches:
Dungeon (4/15) Zot: 20895
 Temple: D:4-7

Altars:
Hepliaklqana

Shops:
D:3 !

Annotations:
D:2 Natasha, Terence

######### #.......#
# #......># #
#.......### #
#....g@...# #
#.........# #
#........## ########
#........#
.......######..##.##
####..........###.#
####....###...##..#
..........#......##
†...............##


You could see a gnoll.


Message History

Unknown command.
Okay, then.
Unknown command.
You hit the iguana. The iguana bites you!
* * * LOW HITPOINT WARNING * * *
You barely miss the iguana. The iguana misses you.
Unknown command.
You feel much better. The iguana bites you.
Unknown command.
Unknown command.
You hit the iguana but do no damage. The iguana closely misses you.
Unknown command.
You hit the iguana. The iguana misses you.
You hit the iguana but do no damage. The iguana closely misses you.
You puncture the iguana!
You kill the iguana!
Unknown command.
Unknown command.
You climb downwards.
There is a stone staircase leading up here.
Unknown command.
Unknown command.
You enter the shallow water.
Moving in this stuff is going to be slow.
O - 3 scrolls of noise {!r} (gained 1)
Found a stone staircase leading up.
Unknown command.
There is a stone staircase leading up here.
You enter the shallow water.
Moving in this stuff is going to be slow.
You enter the shallow water.
Moving in this stuff is going to be slow.
A gnoll comes into view. It is wielding a +0 flail.
Found a stone staircase leading up.
The gnoll shouts!
You hear a shout! x2
Danger!
A gnoll comes into view. It is wielding a +0 whip.
The gnoll misses you.
The gnoll moves out of view.
You hit the gnoll. The gnoll barely misses you.
The gnoll shouts!
You puncture the gnoll! The gnoll misses you.
You hit the gnoll but do no damage.
A hobgoblin comes into view.
The gnoll hits you with a +0 flail.
Unknown command.
You enter the shallow water.
Moving in this stuff is going to be slow.
The gnoll throws a throwing net.
The throwing net hits you.
You become entangled in the net!
You hear a splash.
You see here a throwing net {=f!fthrowing}.
You struggle against the net.
A gnoll comes into view. It is wielding a +0 club.
You struggle against the net.
The gnoll closely misses you.
Unknown command.
You struggle against the net.
The gnoll hits you with a +0 whip.
Unknown command.
You struggle against the net.
The gnoll hits you with a +0 whip!
The gnoll splashes around in the water.
The hobgoblin hits you but does no damage.
Unknown command.
You rip the net and break free!
The gnoll misses you. The gnoll hits you with a +0 flail.
The hobgoblin hits you but does no damage.
The gnoll attacks as you move away! The gnoll barely misses you.
The gnoll attacks as you move away! The gnoll hits you with a +0 flail.
* * * LOW HITPOINT WARNING * * *
The hobgoblin misses you. x2
Unknown command.
The gnoll attacks as you move away! The gnoll hits you but does no damage.
A gnoll comes into view. It is wielding a +0 flail.
The gnoll attacks as you move away!
The gnoll splashes around in the water.
The gnoll hits you with a +0 whip.
* * * LOW HITPOINT WARNING * * *
The gnoll attacks as you move away! The gnoll hits you but does no damage.
The gnoll attacks as you move away! The gnoll closely misses you.
The gnoll attacks as you move away! The gnoll misses you.
The gnoll attacks as you move away! The gnoll hits you with a +0 whip.
* * * LOW HITPOINT WARNING * * *
The gnoll attacks as you move away! The gnoll barely misses you.
You hit the gnoll but do no damage. The gnoll hits you with a +0 flail.
* * * LOW HITPOINT WARNING * * *
The gnoll hits you but does no damage.
Unknown command.
You hit the gnoll.
You kill the gnoll!
The gnoll barely misses you.
Things that are here:
a +0 flail {mace}; a gnoll corpse Unknown command.
There is a stone staircase leading up here.
Unknown command.
The gnoll hits you with a +0 whip!
* * * LOW HITPOINT WARNING * * *
You climb upwards.
There is a stone staircase leading down here.
Unknown command.
Unknown command.
You puncture the gnoll! The gnoll hits you with a +0 whip.
You die...

Skill      XL: |  1  2  3  4  5  6 |
---------------+-------------------+-----
Stealth        | 2 3 4 5 |  5.0
Short Blades   | 5 6 |  6.8
Dodging        | 4 5 |  5.0
Fighting       | |  2.1
Throwing       | |  2.1

Action                   |  1- 3 |  4- 6 || total
-------------------------+-------+-------++-------
Melee: Rapier            |    70 |   143 ||   213
       Punch             |       |     1 ||     1
  Use: Scroll            |       |     6 ||     6
       Potion            |       |     4 ||     4
 Stab: Sleeping          |     9 |    21 ||    30
Armor: Leather armour    |    11 |    30 ||    41
Dodge: Dodged            |    54 |   106 ||   160

Levels and vault maps discovered:
D:1:      lightli_arrival_quake, layout_basic,
          shapermc_ecumenical_altar_rom_forum, nicolae_grassy_gnolls
D:2:      layout_loops_ring, uniq_natasha, uniq_terence
D:3:      layout_rooms, nicolae_hepliaklqana_ecumenical_no_more, serial_shops,
          shop, kennysheep_generic_room_11
D:4:      wander_river, layout_loops_ring, kennysheep_generic_room_3

Notes
Turn   | Place    | Note
-------+----------+-------------------------------------------
     0 | D:1      | Sobieck the Kobold Gladiator began the quest for the Orb.
     0 | D:1      | Reached XP level 1. HP: 12/12 MP: 1/1
    85 | D:1      | Reached skill level 1 in Stealth
   158 | D:1      | Reached skill level 2 in Stealth
   158 | D:1      | Reached XP level 2. HP: 17/17 MP: 2/2
   177 | D:1      | Reached skill level 3 in Stealth
   193 | D:1      | Reached XP level 3. HP: 18/21 MP: 3/3
   360 | D:1      | Reached skill level 4 in Stealth
   646 | D:1      | Found a faded altar of an unknown god.
   653 | D:1      | Got Plato's Quarto of Confrontation
   937 | D:2      | Reached XP level 4. HP: 20/26 MP: 4/4
  1097 | D:2      | Noticed Terence
  1156 | D:2      | Noticed a black bear
  1160 | D:2      | Killed a black bear
  1161 | D:2      | Reached skill level 5 in Stealth
  1161 | D:2      | Reached skill level 5 in Short Blades
  1161 | D:2      | Reached skill level 4 in Dodging
  1161 | D:2      | Reached XP level 5. HP: 30/30 MP: 5/5
  1655 | D:2      | Noticed Natasha
  1780 | D:3      | Reached XP level 6. HP: 35/35 MP: 6/6
  1830 | D:3      | Found Vashept's Distillery.
  1838 | D:3      | Reached skill level 5 in Dodging
  1847 | D:3      | Bought a potion of heal wounds for 65 gold pieces
  1939 | D:3      | Found a faded altar of an unknown god.
  1942 | D:3      | Found a faded altar of an unknown god.
  1951 | D:3      | Found a hazy altar of Hepliaklqana.
  2115 | D:3      | HP: 7/35 [something/puff of flame (6)]
  2127 | D:3      | HP: 7/35 [something/puff of flame (10)]
  2131 | D:3      | Reached skill level 6 in Short Blades
  3090 | D:4      | HP: 7/35 [gnoll/+0 flail (6)]
  3094 | D:4      | HP: 1/35 [gnoll/+0 whip (7)]
  3096 | D:3      | Slain by a gnoll

Vanquished Creatures
  A black bear (D:2)
  An iguana (D:3)
  An orc wizard (D:3)
  2 gnolls
  7 adders
  A dart slug (D:2)
  3 orcs (D:3)
  9 ball pythons
  3 endoplasms
  3 giant cockroaches
  11 goblins
  3 hobgoblins
  4 jackals (D:3)
  3 kobolds
  4 quokkas
  10 bats
  4 frilled lizards (D:1)
  4 rats
74 creatures vanquished.

Vanquished Creatures (others)
  A plant (D:1)
1 creature vanquished.

Grand Total: 75 creatures vanquished

Table legend:
 A = Non-vault XP
 B = Vault XP
 C = Vault XP percentage of total XP
 D = Non-vault monster count
 E = Vault monster count
 F = Vault count percentage of total count
                 A         B        C        D         E       F
            +---------+---------+-------+---------+---------+-------
      Total |     419 |      16 |   3.7 |      72 |       2 |   2.7
            +---------+---------+-------+---------+---------+-------
        D:1 |      43 |      15 |  25.9 |      26 |       1 |   3.7
        D:2 |     210 |       0 |   0.0 |      20 |       0 |   0.0
        D:3 |     151 |       1 |   0.7 |      25 |       1 |   3.8
        D:4 |      15 |       0 |   0.0 |       1 |       0 |   0.0
            +---------+---------+-------+---------+---------+-------

Illustrated notes

Table legend:
 A = Kills in this place as a percentage of kills in entire the game.
 B = Kills by you in this place as a percentage of kills by you in the entire game.
 C = Kills by friends in this place as a percentage of kills by friends in the entire game.
 D = Other kills in this place as a percentage of other kills in the entire game.
 E = Experience gained in this place as a percentage of experience gained in the entire game.
 F = Experience gained in this place divided by the number of levels of this place that you have seen.
                   A       B       C       D       E      F
               +-------+-------+-------+-------+-------+----------------------
         Total | 100.0 | 100.0 |   N/A |   N/A | 100.0 | 108.8
       Dungeon | 100.0 | 100.0 |   N/A |   N/A | 100.0 | 108.8
               +-------+-------+-------+-------+-------+----------------------

Table legend: (Time is in decaauts)
 A = Elapsed time spent in this place.
 B = Non-inter-level travel time spent in this place.
 C = Inter-level travel time spent in this place.
 D = Time resting spent in this place.
 E = Time spent auto-exploring this place.
 F = Levels seen in this place.
 G = Mean time per level.
                   A        B        C        D        E       F      G
               +--------+--------+--------+--------+--------+-----+--------+
         Total |   3103 |   3026 |     77 |    555 |   1853 |   4 |  775.8 |
       Dungeon |   3103 |   3026 |     77 |    555 |   1853 |   4 |  775.8 |
               +--------+--------+--------+--------+--------+-----+--------+

Top non-repeatable levels by time:
     D:3: 1119 daAuts
     D:1: 911 daAuts
     D:2: 863 daAuts
     D:4: 209 daAuts
